 Dungeon Crawl Stone Soup version 0.22.1-1-ga44c0e5 (webtiles) character file.

107 Stepladder the Caller (level 4, -3/32 HPs)
             Began as a Merfolk Summoner on Oct 24, 2018.
             Killed from afar by an orc wizard (9 damage)
             ... with a puff of flame
             ... on level 3 of the Dungeon.
             The game lasted 00:15:18 (2825 turns).

Stepladder the Caller (Merfolk Summoner)            Turns: 2825, Time: 00:15:18

Health: -3/32      AC:  6    Str: 14    XL:     4   Next: 85%
Magic:  6/7        EV: 12    Int: 14    God:
Gold:   196        SH:  0    Dex: 14    Spells: 2/7 levels left

rFire    . . .     SeeInvis .   a - +1 spear
rCold    . . .     Gourm    .   (no shield)
rNeg     . . .     Faith    .   e - +1 ring mail
rPois    .         Spirit   .   (no helmet)
rElec    .         Reflect  .   (no cloak)
rCorr    .         Harm     .   (no gloves)
MR       .....                  (no boots)
Stlth    +.........             (no amulet)
HPRegen  0.10/turn              (no ring)
MPRegen  0.10/turn              (no ring)

@: mighty
A: change form in water, swift swim, stealthy swim, evolution 1
a: no special abilities


You were on level 3 of the Dungeon.
You were not hungry.

You visited 1 branch of the dungeon, and saw 3 of its levels.

You collected 196 gold pieces.

Inventory:

Hand Weapons
 a - a +1 spear (weapon)
 b - a +0 hunting sling
Missiles
 f - 6 sling bullets
 g - 118 stones (quivered)
 k - 15 poisoned needles
Armour
 e - a +1 ring mail (worn)
 m - a +0 robe
Wands
 q - a wand of iceblast (9)
Scrolls
 i - 2 scrolls of identify
 j - 2 scrolls of amnesia
 l - a scroll of enchant armour
 t - a scroll of magic mapping
Potions
 d - 2 potions of mutation
 n - a potion of brilliance {unknown}
 o - a potion of degeneration {unknown}
 r - 2 potions of heal wounds {unknown}
 u - a potion of might
Comestibles
 c - 4 rations
 s - 4 chunks of flesh


   Skills:
 - Level 1.1 Fighting
 - Level 2.0 Polearms
 + Level 0.7 Armour
 + Level 4.2 Dodging
 - Level 2.1 Stealth
 - Level 2.0 Spellcasting
 + Level 4.7 Summonings


You had 2 spell levels left.
You knew the following spells:

 Your Spells              Type           Power        Failure   Level  Hunger
c - Call Canine Familiar  Summ           ##......     21%         3    ####...
x - Call Imp              Summ           ##......     11%         2    ###....

Your spell library contained the following spells:

 Spells                   Type           Power        Failure   Level  Hunger
 Summon Small Mammal      Summ           ##..         7%          1    ##.....
 Summon Guardian Golem    Hex/Summ       #.......     50%         3    ####...
 Summon Ice Beast         Ice/Summ       #.......     88%         4    #####..
 Summon Lightning Spire   Summ/Air       #.......     88%         4    #####..


Dungeon Overview and Level Annotations

Branches:
Dungeon (3/15)

Altars:
Qazlal

Annotations:
D:2 1 runed door
D:3 Robin


Innate Abilities, Weirdness & Mutations

You revert to your normal form in water.
You are very nimble and swift while swimming.
You are very stealthy in the water. (Stealth+)
You evolve.


Message History

You barely miss the goblin.
The goblin is moderately wounded.
The goblin completely misses you. Something hits you but does no damage.
It was a potion of might.
You feel very mighty all of a sudden. The goblin barely misses you.
Something hits you.
* * * LOW HITPOINT WARNING * * *
You puncture the goblin!
You kill the goblin!
Something hits you but does no damage.
Your magical contamination has completely faded away.
Things that are here:
an enchanted dagger; a goblin corpse x2
You see here a dagger.
Robin says, "Kneel, worm!"
An orc wizard appears from thin air!
Reactivating autopickup.
The orc wizard gestures at you while chanting.
The puff of flame hits you!
You die...

,,,,,,,........#.###.#
#.* ,,,,,,,..#####.#.#
#.# *,* ,,****,***
#g#.# #.# *,* ,,,* *,*
#.#g# #.# *,* ,*,* *,*
##)#.# #.# ### *,*
,*,***,* #..#o#
#.#####.##*,##
,*,,,,,* #.##.#
#........#*,..
,*,,**** #.##.#
#######.##**## **,,*
#.##@# #.# **,,*
#.##.# #.# ,,,,*
#.##.# #.# **,,*
#)##.# #.#
,,,,***#****#.##.# #.#
***,,,,....##(##.# #.#
*,*****#g.)(...# #)#
***,*****#.##)#### #.#
,,,,,,,,..,...# #.#


You could see Robin and an orc wizard.

Vanquished Creatures
  A howler monkey skeleton (D:2)
  2 orcs
  A giant cockroach (D:2)
  11 goblins
  4 hobgoblins
  2 jackals (D:2)
  A quokka (D:3)
  4 bats
  A frilled lizard (D:2)
  3 kobolds
  4 rats
34 creatures vanquished.

Vanquished Creatures (collateral kills)
  Ijyb (D:3)
  3 adders
  A worm (D:2)
  2 dart slugs
  2 leopard geckos
  A bat (D:1)
  2 giant cockroaches (D:1)
  5 goblins (D:3)
  5 hobgoblins
  6 jackals
  3 kobolds
  A frilled lizard (D:1)
  2 rats (D:1)
34 creatures vanquished.

Grand Total: 68 creatures vanquished

Notes
Turn   | Place    | Note
-------+----------+-------------------------------------------
     0 | D:1      | Stepladder the Merfolk Summoner began the quest for the
                  | Orb.
     0 | D:1      | Reached XP level 1. HP: 13/13 MP: 3/3
   255 | D:1      | Reached XP level 2. HP: 10/20 MP: 1/5
   431 | D:1      | Learned a level 2 spell: Call Imp
   447 | D:1      | Reached skill level 1 in Fighting
  1067 | D:2      | Reached XP level 3. HP: 25/26 MP: 6/6
  1097 | D:2      | Reached skill level 1 in Polearms
  1464 | D:2      | Learned a level 3 spell: Call Canine Familiar
  1720 | D:2      | Reached XP level 4. HP: 26/32 MP: 7/7
  2016 | D:2      | Found a runed door.
  2390 | D:3      | Noticed Ijyb
  2405 | D:3      | Killed Ijyb
  2540 | D:3      | Found a stormy altar of Qazlal.
  2770 | D:3      | Noticed Robin
  2798 | D:3      | Gained mutation: You are robust. (+10% HP) [potion of
                  | mutation]
  2798 | D:3      | Lost mutation: You are robust. (+10% HP) [potion of
                  | mutation]
  2798 | D:3      | Gained mutation: You evolve. [potion of mutation]
  2825 | D:3      | Killed from afar by an orc wizard

Skill      XL: |  1  2  3  4 |
---------------+-------------+-----
Dodging        | 3 4 |  4.2
Fighting       | 1 |  1.1
Polearms       | 2 |  2.0
Armour         | |  0.7
Stealth        | |  2.1
Spellcasting   | |  2.0
Summonings     | |  4.7

Action                   |  1- 3 |  4- 6 || total
-------------------------+-------+-------++-------
Melee: Dagger            |    19 |       ||    19
       Club              |     4 |       ||     4
       Short sword       |     3 |       ||     3
       Spear             |   120 |    98 ||   218
 Cast: Summon Small Mamm |    14 |       ||    14
       Call Imp          |    15 |     5 ||    20
       Call Canine Famil |     2 |     2 ||     4
  Use: Scroll            |     4 |     2 ||     6
       Potion            |       |     4 ||     4
 Stab: Sleeping          |     1 |     1 ||     2
  Eat: Chunk             |     4 |     5 ||     9
Armor: Robe              |    22 |       ||    22
       Ring mail         |    16 |    38 ||    54
Dodge: Dodged            |   117 |    58 ||   175
